 Dungeon Crawl Stone Soup version 0.31.0-9-g3a7656b989 (webtiles) character file.

Game seed: 16237744017427775241

18069 qw the Markself (level 12, -8/80 HPs)
             Began as a Deep Elf Hunter on Feb 2, 2024.
             Was a High Priest of Okawaru.
             Mangled by a fire crab (15 damage)
             ... on level 3 of the Lair of Beasts.
             The game lasted 00:01:24 (10878 turns).

qw the Markself (Deep Elf Hunter)                  Turns: 10878, Time: 00:01:24

Health: -8/80      AC: 16    Str:  8    XL:     12   Next: 24%
Magic:  21/21      EV: 17    Int: 19    God:    Okawaru [*****.]
Gold:   400        SH:  0    Dex: 24    Spells: 11/11 levels left

rFire   . . .        q - +1 orcbow
rCold   . . .        (shield currently unavailable)
rNeg    + + +        a - +4 ring mail
rPois   +            g - +1 helmet
rElec   .            (no cloak)
rCorr   .            j - +2 pair of gloves
SInv    .            o - +0 pair of boots
Will    +....        b - amulet of faith
Stlth   ++           f - ring of Ukoeskooho {rN+++ Str-4 Int+3 Dex+6}
HPRegen 0.33/turn    l - +4 ring of slaying {mikee}
MPRegen 0.17/turn

%: faith
@: about to teleport
A: poison resistance, robust 1, MP-powered wands
a: Renounce Religion, Heroism, Finesse, Duel


You were on level 3 of the Lair of Beasts.
You worshipped Okawaru.
Okawaru was extremely pleased with you.
You visited 3 branches of the dungeon, and saw 13 of its levels.

You collected 633 gold pieces.
You spent 233 gold pieces at shops.


Innate Abilities, Weirdness & Mutations

Your system is resistant to poisons. (rPois)
You are robust. (+10% HP)
You expend magic power (3 MP) to strengthen your wands.


   Skills:
 + Level 7.6 Fighting
 - Level 16.1 Ranged Weapons
 - Level 4.4 Armour
 - Level 11.0 Dodging
 - Level 1.2 Stealth
 - Level 10.0 Invocations


You had 11 spell levels left.
You didn't know any spells.
Your spell library was empty.

Inventory:

Hand Weapons
 q - a +1 orcbow (weapon)
Armour
 a - a +4 ring mail (worn)
 g - a +1 helmet (worn)
 j - a +2 pair of gloves (worn)
 o - a +0 pair of boots (worn)
 s - a +1 scale mail of fire resistance
Jewellery
 b - an amulet of faith (around neck)
 d - an amulet of the acrobat
 e - a ring of fire
 f - the ring of Ukoeskooho (left hand) {rN+++ Str-4 Int+3 Dex+6}
   (You acquired it on level 5 of the Dungeon)

   [ring of dexterity]

   Str-4:     It affects your strength (-4).
   Int+3:     It affects your intelligence (+3).
   Dex+6:     It affects your dexterity (+6).
   rN+++:     It renders you almost immune to negative energy.
 l - a +4 ring of slaying (right hand) {mikee}
 m - a ring of protection from fire
Wands
 t - a wand of iceblast (19)
 u - a wand of polymorph (6)
Scrolls
 c - 2 scrolls of teleportation
 i - 2 scrolls of identify
Potions
 h - 2 potions of enlightenment
 k - a potion of mutation
 n - a potion of cancellation
 p - 2 potions of curing
 r - a potion of magic

Dungeon Overview and Level Annotations

Branches:
Dungeon (9/15)             Temple (1/1) D:4            Lair (3/5) D:9
  Swamp (0/4) Lair:2        Snake (0/4) Lair:2          Orc (0/2) D:9

Altars:
Ashenzari
Cheibriados
Dithmenos
Elyvilon
Fedhas
Gozag
Hepliaklqana
Kikubaaqudgha
Makhleb
Nemelex Xobeh
Okawaru
Qazlal
Ru
Sif Muna
Trog
Vehumet
Wu Jian
Xom
Yredelemnul
Zin
The Shining One

Shops:
D:5 =   D:7 *


Message History

You shoot an arrow. The arrow hits the elephant!
The elephant is almost dead.
The fire crab barely misses you. The fire crab claws you.
You are engulfed in flames!
The elephant misses you.
The elephant trunk-slaps you but does no damage.
You shoot an arrow. The arrow hits the elephant.
The elephant is almost dead.
The fire crab closely misses you. x2; The elephant misses you.
The elephant trunk-slaps you.
You shoot an arrow.
The arrow hits the elephant but does no damage.
The elephant is almost dead.
The elephant tramples you.
You hold your ground!
The elephant closely misses you. The fire crab bites you.
You are engulfed in flames!
The fire crab claws you but does no damage.
10874 ||| READING 3 scrolls of teleportation.
As you read the scroll of teleportation, it crumbles to dust.
You feel strangely unstable.
The fire crab bites you but does no damage.
The fire crab closely misses you. The elephant barely misses you. x2
You shoot an arrow.
The arrow hits the elephant but does no damage.
The elephant is almost dead.
The fire crab bites you but does no damage.
The fire crab claws you but does no damage.
The elephant misses you.
The elephant trunk-slaps you but does no damage.
You shoot an arrow. The arrow hits the elephant!
You kill the elephant!
Okawaru accepts your kill. The fire crab closely misses you.
The fire crab completely misses you.
You shoot an arrow. The arrow closely misses the fire crab.
The fire crab breathes flames at you.
The blast of flame engulfs you but does no damage.
You shoot an arrow.
The arrow hits the fire crab but does no damage.
You are engulfed in blazing flames.
The fire crab bites you.
You are engulfed in flames!
You die...

#####
####0@0#
#...0t0#
.....00..#
.....#..##
...###...
.# ###. ##


You could see a fire crab.

Vanquished Creatures
  A hydra (Lair:2)
  Erica (Lair:2)
  Urug (Lair:1)
  A death yak (D:9)
  2 oklob plants
  5 elephants (Lair:3)
  A black mamba (Lair:1)
  3 cane toads
  2 komodo dragons
  2 rime drakes (Lair:2)
  An unseen horror zombie (D:8)
  4 blink frogs (Lair:1)
  5 wyverns
  32 yaks
  A basilisk (D:8)
  5 water moccasins
  An ice beast (D:7)
  3 orc warriors
  A black bear (D:8)
  2 ogres (D:5)
  2 centaurs (D:9)
  2 phantoms
  2 kobold brigands
  9 bullfrogs
  3 necrophages (D:8)
  A wight (D:8)
  15 killer bees
  8 howler monkeys
  2 bombardier beetles
  A human zombie (D:8)
  3 orc priests
  8 jellies
  3 hounds
  A centaur zombie (D:8)
  Jessica (D:2)
  4 sleepcaps
  3 iguanas (D:5)
  9 orc wizards
  4 killer bee zombies (D:8)
  A howler monkey zombie (D:8)
  5 adders
  A shadow imp (D:6)
  13 white imps
  2 ufetubi
  2 ribbon worms
  31 orcs
  21 endoplasms
  A giant cockroach (D:1)
  5 goblins
  10 hobgoblins
  5 jackals
  4 quokkas
  8 ball pythons
  3 bats
  2 frilled lizards (D:2)
  16 kobolds
  2 rats
  A butterfly (D:9)
288 creatures vanquished.

Notes
Turn   | Place    | Note
-------+----------+-------------------------------------------
     0 | D:1      | qw the Deep Elf Hunter began the quest for the Orb.
     0 | D:1      | Reached XP level 1. HP: 12/12 MP: 3/3
     0 | D:1      | 0 ||| qw: Version: 0.3-a-155-g5e7d8dd
     0 | D:1      | 0 ||| qw: Game counter: 2275
     0 | D:1      | 0 ||| qw: Melee chars always use a shield: true
     0 | D:1      | 0 ||| qw: God list: Okawaru
     0 | D:1      | 0 ||| qw: Allow faded altars: false
     0 | D:1      | 0 ||| qw: Do Orc after clearing Dungeon:15 true
     0 | D:1      | 0 ||| qw: Do second Lair branch before Depths: true
     0 | D:1      | 0 ||| qw: Lair rune preference: random
     0 | D:1      | 0 ||| qw: Goals: Normal
     0 | D:1      | 0 ||| PLANNING D:1-11
   113 | D:1      | Reached skill level 6 in Ranged Weapons
   113 | D:1      | Reached XP level 2. HP: 16/16 MP: 4/4
   118 | D:1      | Found a faded altar of an unknown god.
   539 | D:1      | 539 ||| DROPPING +6 ring of intelligence.
   540 | D:1      | 540 ||| UPGRADING to +4 ring of slaying {mikee}.
   541 | D:1      | 541 ||| DROPPING ring of flight.
   542 | D:1      | 542 ||| UPGRADING to ring of resist corrosion.
   543 | D:1      | 543 ||| READING scroll labelled WUGAEM CYTE.
   543 | D:1      | 543 ||| IDENTIFYING glowing cyan potion
   544 | D:1      | 544 ||| READING scroll labelled GOUHYG TEOWI.
   545 | D:1      | 545 ||| READING scroll labelled ASEAPP LUDD.
   546 | D:1      | 546 ||| DROPPING scroll of butterflies.
   547 | D:1      | 547 ||| DROPPING potion of degeneration.
   591 | D:2      | Reached XP level 3. HP: 14/20 MP: 5/5
   827 | D:2      | Reached skill level 7 in Ranged Weapons
  1045 | D:2      | Noticed Jessica
  1050 | D:2      | Killed Jessica
  1051 | D:2      | Reached XP level 4. HP: 20/25 MP: 6/6
  1249 | D:2      | 1249 ||| UPGRADING to +0 helmet.
  1254 | D:2      | 1254 ||| UPGRADING to +2 pair of gloves.
  1259 | D:2      | 1259 ||| UPGRADING to amulet of faith.
  1264 | D:2      | 1264 ||| READING scroll labelled SADOEF QIREIN.
  1265 | D:2      | 1265 ||| READING scroll labelled JUGGAPE SEECE.
  1270 | D:2      | 1270 ||| READING scroll labelled CISYC AMEAD.
  1270 | D:2      | 1270 ||| ENCHANTING +0 shortbow.
  1390 | D:3      | 1390 ||| READING scroll of enchant weapon.
  1390 | D:3      | 1390 ||| ENCHANTING +1 shortbow.
  1422 | D:3      | Reached skill level 8 in Ranged Weapons
  1541 | D:3      | Found a faded altar of an unknown god.
  1541 | D:3      | Found a shimmering blue altar of Sif Muna.
  1549 | D:3      | Found a faded altar of an unknown god.
  1551 | D:3      | Found a hazy altar of Hepliaklqana.
  1553 | D:3      | Found a burning altar of Makhleb.
  1638 | D:3      | 1638 ||| READING scroll labelled COEDUNL RAUHATUPLA.
  1638 | D:3      | 1638 ||| ENCHANTING +0 helmet.
  1639 | D:3      | 1639 ||| READING scroll labelled GUTTIDANTIO.
  1640 | D:3      | 1640 ||| READING scroll labelled WIYFUKIDYGH.
  1700 | D:4      | Reached XP level 5. HP: 29/29 MP: 7/7
  1775 | D:4      | Found a bloodstained altar of Trog.
  1825 | D:4      | Found a staircase to the Ecumenical Temple.
  1826 | D:4      | 1826 ||| PLANNING TEMPLE
  1826 | D:4      | 1826 ||| UPGRADING to +0 scale mail.
  1836 | D:4      | 1836 ||| DROPPING +0 leather armour.
  1843 | Temple   | Entered the Ecumenical Temple
  1844 | Temple   | 1844 ||| PLANNING OKAWARU WORSHIP
  1854 | Temple   | Became a worshipper of Warmaster Okawaru
  1855 | Temple   | 1855 ||| PLANNING D:1-11
  2245 | D:4      | Found a shimmering altar of Xom.
  2271 | D:4      | Reached skill level 1 in Armour
  2401 | D:4      | Found an opulent altar of Gozag.
  2500 | D:4      | 2500 ||| READING scroll labelled QUOSU YROA.
  2619 | D:5      | Entered Level 5 of the Dungeon
  2643 | D:5      | Reached skill level 9 in Ranged Weapons
  2731 | D:5      | Reached * piety under Okawaru
  2732 | D:5      | Reached XP level 6. HP: 21/35 MP: 8/8
  2795 | D:5      | Reached skill level 1 in Invocations
  2871 | D:5      | Found Deov's Jewellery Boutique.
  2878 | D:5      | 2878 ||| SHOPLISTING +4 ring of protection (504 gold, have
                  | 219).
  2878 | D:5      | 2878 ||| SHOPLISTING +6 ring of strength (504 gold, have
                  | 219).
  2878 | D:5      | 2878 ||| SHOPLISTING amulet of guardian spirit (420 gold,
                  | have 219).
  2878 | D:5      | 2878 ||| SHOPLISTING ring "Itewnoce" {Ice Int+2 SInv
                  | Stlth+} (604 gold, have 219).
  2878 | D:5      | 2878 ||| SHOPLISTING ring of fire (350 gold, have 219).
  2878 | D:5      | 2878 ||| SHOPLISTING ring of positive energy (280 gold,
                  | have 219).
  2940 | D:5      | Found a snail-covered altar of Cheibriados.
  2950 | D:5      | Reached ** piety under Okawaru
  2951 | D:5      | Reached skill level 10 in Ranged Weapons
  2951 | D:5      | Reached skill level 3 in Invocations
  2951 | D:5      | Reached XP level 7. HP: 40/40 MP: 9/11
  3195 | D:5      | 3195 ||| UPGRADING to +0 swamp dragon scales.
  3205 | D:5      | 3205 ||| DROPPING +0 scale mail.
  3206 | D:5      | 3206 ||| READING scroll of identify.
  3206 | D:5      | 3206 ||| IDENTIFYING fuming green potion
  3207 | D:5      | 3207 ||| READING scroll labelled KUECLO FEVAM.
  3207 | D:5      | Identified a scroll of acquirement
  3207 | D:5      | 3207 ||| ACQUIRING ring of Ukoeskooho {rN+++ Str-4 Int+3
                  | Dex+6}
  3207 | D:5      | Acquired the ring of Ukoeskooho {rN+++ Str-4 Int+3 Dex+6}
  3209 | D:5      | 3209 ||| UPGRADING to ring of Ukoeskooho {rN+++ Str-4 Int+3
                  | Dex+6}.
  3211 | D:5      | 3211 ||| UPGRADING to +4 ring of slaying {mikee}.
  3213 | D:5      | 3213 ||| DROPPING ring of resist corrosion.
  3214 | D:5      | 3214 ||| READING scroll labelled UVUBLO SECOCRI.
  3215 | D:5      | 3215 ||| DRINKING 2 green potions.
  3215 | D:5      | Gained mutation: You expend magic power (3 MP) to
                  | strengthen your wands. [potion of mutation]
  3215 | D:5      | Gained mutation: Your system is resistant to poisons.
                  | (rPois) [potion of mutation]
  3215 | D:5      | Gained mutation: You are robust. (+10% HP) [potion of
                  | mutation]
  3240 | D:6      | Noticed a yak
  3240 | D:6      | Noticed a yak
  3240 | D:6      | Noticed a yak
  3240 | D:6      | Noticed a yak
  3240 | D:6      | Noticed a yak
  3241 | D:6      | 3241 ||| STAIRDANCE
  3277 | D:6      | 3277 ||| STAIRDANCE
  3285 | D:6      | 3285 ||| STAIRDANCE
  3295 | D:6      | 3295 ||| STAIRDANCE
  3306 | D:5      | Reached skill level 3 in Dodging
  3330 | D:6      | 3330 ||| STAIRDANCE
  3344 | D:6      | 3344 ||| STAIRDANCE
  3400 | D:6      | 3400 ||| SWAPPING to +0 orcbow.
  3431 | D:6      | 3431 ||| DROPPING +2 shortbow.
  3488 | D:6      | Reached skill level 11 in Ranged Weapons
  3682 | D:6      | Reached *** piety under Okawaru
  3699 | D:6      | 3699 ||| INVOKING Heroism.
  3725 | D:6      | 3725 ||| RETREEEEATING.
  3727 | D:6      | 3727 ||| INVOKING Heroism.
  3730 | D:6      | Killed a yak
  3731 | D:6      | Reached XP level 8. HP: 48/48 MP: 10/13
  3735 | D:6      | Reached skill level 12 in Ranged Weapons
  3741 | D:6      | Reached skill level 3 in Fighting
  3746 | D:6      | Reached **** piety under Okawaru
  3895 | D:6      | 3895 ||| DROPPING ring of magical power.
  3896 | D:6      | 3896 ||| READING 3 scrolls of identify.
  3896 | D:6      | 3896 ||| IDENTIFYING fuming ruby potion
  3897 | D:6      | 3897 ||| READING 2 scrolls of identify.
  3897 | D:6      | 3897 ||| IDENTIFYING smoky sapphire potion
  3898 | D:6      | 3898 ||| READING scroll of identify.
  3898 | D:6      | 3898 ||| IDENTIFYING viscous silvery potion
  3899 | D:6      | 3899 ||| DROPPING potion of brilliance.
  4111 | D:7      | Reached skill level 13 in Ranged Weapons
  4202 | D:7      | Reached XP level 9. HP: 55/55 MP: 14/14
  4212 | D:7      | Found a blossoming altar of Fedhas.
  4305 | D:7      | Found Puhen's General Store.
  4346 | D:7      | 4346 ||| READING scroll of enchant weapon.
  4346 | D:7      | 4346 ||| ENCHANTING +0 orcbow.
  4355 | D:7      | 4355 ||| BUYING wand of iceblast (4) (124 gold).
  4355 | D:7      | Bought a wand of iceblast (4) for 124 gold pieces
  4355 | D:7      | 4355 ||| BUYING wand of polymorph (6) (109 gold).
  4355 | D:7      | Bought a wand of polymorph (6) for 109 gold pieces
  4666 | D:7      | 4666 ||| READING 2 scrolls of identify.
  4666 | D:7      | 4666 ||| IDENTIFYING coppery potion
  4667 | D:7      | 4667 ||| DROPPING potion of attraction.
  4668 | D:7      | 4668 ||| DROPPING wand of flame (21).
  4931 | D:8      | Reached skill level 6 in Invocations
  4954 | D:8      | Reached ***** piety under Okawaru
  5014 | D:8      | 5014 ||| RETREEEEATING.
  5015 | D:8      | 5015 ||| RETREEEEATING.
  5020 | D:8      | 5020 ||| INVOKING Finesse.
  5074 | D:8      | Reached skill level 14 in Ranged Weapons
  5274 | D:8      | Noticed a green ugly thing
  5274 | D:8      | Noticed a deep elf pyromancer
  5274 | D:8      | Noticed a deep elf pyromancer
  5275 | D:8      | Noticed a four-headed hydra
  5275 | D:8      | Noticed a manticore
  5275 | D:8      | Noticed a troll
  5276 | D:8      | Noticed a seven-headed hydra
  5276 | D:8      | Noticed a troll
  5277 | D:8      | Noticed a troll
  5433 | D:8      | Noticed a harpy
  5499 | D:8      | Found a basalt altar of Yredelemnul.
  5634 | D:8      | Reached XP level 10. HP: 61/61 MP: 18/18
  5841 | D:9      | 5841 ||| STAIRDANCE
  5841 | D:9      | Noticed a death yak
  5846 | D:9      | 5846 ||| STAIRDANCE
  5856 | D:8      | Reached skill level 15 in Ranged Weapons
  5943 | D:9      | 5943 ||| STAIRDANCE
  5966 | D:9      | 5966 ||| STAIRDANCE
  5978 | D:9      | 5978 ||| STAIRDANCE
  6087 | D:9      | 6087 ||| STAIRDANCE
  6089 | D:8      | 6089 ||| INVOKING Finesse.
  6090 | D:8      | 6090 ||| INVOKING Heroism.
  6174 | D:9      | Found a staircase to the Lair.
  6203 | D:9      | 6203 ||| INVOKING Finesse.
  6230 | D:9      | Killed a death yak
  6230 | D:9      | Received a gift from Okawaru
  6231 | D:9      | Reached skill level 6 in Dodging
  6231 | D:9      | Reached skill level 9 in Invocations
  6388 | D:9      | Found a staircase to the Orcish Mines.
  6462 | D:9      | Found a glowing golden altar of the Shining One.
  6638 | D:9      | Noticed an oklob plant
  6673 | D:9      | 6673 ||| INVOKING Finesse.
  6680 | D:9      | 6680 ||| FLEEEEING.
  6681 | D:9      | 6681 ||| FLEEEEING.
  6682 | D:9      | 6682 ||| FLEEEEING.
  6796 | D:9      | 6796 ||| INVOKING Finesse.
  6807 | D:9      | Killed an oklob plant
  7093 | D:9      | Found a white marble altar of Elyvilon.
  7486 | D:9      | 7486 ||| PLANNING LAIR
  7486 | D:9      | 7486 ||| READING 3 scrolls of identify.
  7486 | D:9      | 7486 ||| IDENTIFYING bubbling red potion
  7487 | D:9      | 7487 ||| READING 2 scrolls of identify.
  7487 | D:9      | 7487 ||| IDENTIFYING scroll labelled NENGIOVOSA
  7488 | D:9      | 7488 ||| DROPPING scroll of silence.
  7525 | Lair:1   | Entered Level 1 of the Lair of Beasts
  7536 | Lair:1   | Received a gift from Okawaru
  7679 | Lair:1   | Noticed Urug
  7680 | Lair:1   | 7680 ||| INVOKING Finesse.
  7699 | Lair:1   | Killed Urug
  7700 | Lair:1   | Reached skill level 16 in Ranged Weapons
  7850 | Lair:1   | 7850 ||| RETREEEEATING.
  7852 | Lair:1   | 7852 ||| RETREEEEATING.
  7858 | Lair:1   | Reached XP level 11. HP: 66/67 MP: 20/20
  7935 | Lair:1   | Found a blossoming altar of Fedhas.
  7946 | Lair:1   | Noticed an oklob plant
  7963 | Lair:1   | 7963 ||| INVOKING Finesse.
  7971 | Lair:1   | Killed an oklob plant
  7972 | Lair:1   | Reached skill level 3 in Armour
  8094 | Lair:1   | 8094 ||| RETREEEEATING.
  8097 | Lair:1   | 8097 ||| RETREEEEATING.
  8099 | Lair:1   | 8099 ||| INVOKING Finesse.
  8124 | Lair:1   | HP: 16/68 [black mamba (9)]
  8125 | Lair:1   | 8125 ||| READING 6 scrolls of teleportation.
  8126 | Lair:1   | 8126 ||| DRINKING potion of heal wounds.
  8129 | Lair:1   | HP: 15/68 [black mamba (2)]
  8131 | Lair:1   | Received a gift from Okawaru
  8447 | Lair:1   | 8447 ||| RETREEEEATING.
  8448 | Lair:1   | 8448 ||| RETREEEEATING.
  8449 | Lair:1   | 8449 ||| RETREEEEATING.
  8450 | Lair:1   | 8450 ||| RETREEEEATING.
  8455 | Lair:1   | 8455 ||| INVOKING Finesse.
  8464 | Lair:1   | Reached skill level 9 in Dodging
  8588 | Lair:1   | 8588 ||| RETREEEEATING.
  8589 | Lair:1   | 8589 ||| RETREEEEATING.
  8592 | Lair:1   | 8592 ||| RETREEEEATING.
  8593 | Lair:1   | 8593 ||| RETREEEEATING.
  8594 | Lair:1   | 8594 ||| RETREEEEATING.
  8595 | Lair:1   | 8595 ||| RETREEEEATING.
  8596 | Lair:1   | 8596 ||| RETREEEEATING.
  8597 | Lair:1   | 8597 ||| RETREEEEATING.
  8598 | Lair:1   | 8598 ||| RETREEEEATING.
  8601 | Lair:1   | 8601 ||| RETREEEEATING.
  8602 | Lair:1   | 8602 ||| RETREEEEATING.
  8603 | Lair:1   | 8603 ||| RETREEEEATING.
  8604 | Lair:1   | 8604 ||| RETREEEEATING.
  8605 | Lair:1   | 8605 ||| RETREEEEATING.
  8606 | Lair:1   | 8606 ||| RETREEEEATING.
  8607 | Lair:1   | 8607 ||| RETREEEEATING.
  8608 | Lair:1   | 8608 ||| RETREEEEATING.
  8609 | Lair:1   | 8609 ||| RETREEEEATING.
  8610 | Lair:1   | 8610 ||| RETREEEEATING.
  8611 | Lair:1   | 8611 ||| RETREEEEATING.
  8612 | Lair:1   | 8612 ||| RETREEEEATING.
  8613 | Lair:1   | 8613 ||| RETREEEEATING.
  8614 | Lair:1   | 8614 ||| RETREEEEATING.
  8615 | Lair:1   | 8615 ||| RETREEEEATING.
  8616 | Lair:1   | 8616 ||| RETREEEEATING.
  8631 | Lair:1   | Reached skill level 6 in Fighting
  8631 | Lair:1   | HP: 17/70 [yak (5)]
  8632 | Lair:1   | 8632 ||| READING 5 scrolls of teleportation.
  8636 | Lair:1   | HP: 12/70 [yak (5)]
  9051 | Lair:1   | 9051 ||| UPGRADING to +4 ring mail.
  9061 | Lair:1   | 9061 ||| DROPPING +0 swamp dragon scales.
  9104 | Lair:2   | 9104 ||| RETREEEEATING.
  9105 | Lair:2   | 9105 ||| RETREEEEATING.
  9106 | Lair:2   | 9106 ||| RETREEEEATING.
  9107 | Lair:2   | 9107 ||| RETREEEEATING.
  9108 | Lair:2   | 9108 ||| RETREEEEATING.
  9109 | Lair:2   | 9109 ||| RETREEEEATING.
  9132 | Lair:2   | HP: 4/70 [rime drake/icy flash freeze (27)]
  9133 | Lair:2   | 9133 ||| READING 4 scrolls of teleportation.
  9463 | Lair:2   | Identified the +1 broad axe of the Sheltering Gods
                  | {protect, rF+ Will- Stlth+}
  9472 | Lair:2   | Found a staircase to the Swamp.
  9500 | Lair:2   | Received a gift from Okawaru
  9503 | Lair:2   | 9503 ||| RETREEEEATING.
  9506 | Lair:2   | 9506 ||| RETREEEEATING.
  9509 | Lair:2   | 9509 ||| RETREEEEATING.
  9511 | Lair:2   | 9511 ||| RETREEEEATING.
  9512 | Lair:2   | 9512 ||| RETREEEEATING.
  9513 | Lair:2   | 9513 ||| RETREEEEATING.
  9514 | Lair:2   | 9514 ||| RETREEEEATING.
  9515 | Lair:2   | 9515 ||| RETREEEEATING.
  9516 | Lair:2   | 9516 ||| INVOKING Finesse.
  9606 | Lair:2   | Found a staircase to the Snake Pit.
  9630 | Lair:2   | Noticed Erica
  9631 | Lair:2   | 9631 ||| INVOKING Finesse.
  9645 | Lair:2   | Killed Erica
  9820 | Lair:2   | Reached XP level 12. HP: 79/79 MP: 21/21
  9829 | Lair:2   | Received a gift from Okawaru
 10474 | Lair:2   | 10474 ||| UPGRADING to +0 pair of boots.
 10479 | Lair:2   | 10479 ||| READING 3 scrolls of identify.
 10479 | Lair:2   | 10479 ||| IDENTIFYING fuming pink potion
 10525 | Lair:3   | Noticed a four-headed hydra
 10526 | Lair:3   | 10526 ||| STAIRDANCE
 10528 | Lair:2   | 10528 ||| INVOKING Finesse.
 10540 | Lair:2   | Killed a four-headed hydra
 10688 | Lair:3   | 10688 ||| STAIRDANCE
 10709 | Lair:3   | 10709 ||| FLEEEEING.
 10710 | Lair:3   | 10710 ||| STAIRDANCE
 10873 | Lair:3   | HP: 19/79 [fire crab (11)]
 10874 | Lair:3   | 10874 ||| READING 3 scrolls of teleportation.
 10878 | Lair:3   | HP: 13/80 [fire crab] (7)]
 10878 | Lair:3   | Mangled by a fire crab

Levels and vault maps discovered:
D:1:      eino_arrival_water_star, layout_basic, basic_ecumenical_altar,
          chequers_serial_rivers_marsh, minmay_misc_feat_more_columns,
          chequers_serial_rivers_micro_a, corner_web_ring
D:2:      layout_loops_ring, minmay_fractal_squares_gapless_5, uniq_jessica
D:3:      layout_rooms, chequers_temple_overflow_minitemple
D:4:      layout_loops_ring, mainiacjoe_overflow_alcove_1,
          mainiacjoe_overflow_big_doors, minmay_temple_entry_arrows
D:5:      layout_cave_pools, mainiacjoe_overflow_cross_hatched, serial_shops,
          nicolae_shop_pleasant_corner_grove
D:6:      layout_rooms
D:7:      layout_loops_ring, mainiacjoe_overflow_chevrons, serial_shops, shop,
          minmay_fountain_box
D:8:      layout_basic, lemuel_mausoleum_altar_yredelemnul, minivault_12
D:9:      lemuel_slime, layout_basic, nicolae_elyvilon_peaceful_grove,
          tso_oasis_becter, david_lair_generic, hiddenorc1_lemuel
Temple:   compressed_dpeg_circular_temple
Lair:1:   layout_regular_city, tgw_fedhas, lemuel_fruit_fields, uniq_urug
Lair:2:   layout_cave_pods, swamp_mist_pool, dummy_snake_entry,
          portal_ice_cave_entry_imps, chequers_serial_rivers_large_a, uniq_erica
Lair:3:   layout_loops_ring, serial_bayou_pond_d, grunt_megastairs_4,
          serial_bayou_shore_b

Skill      XL: |  1  2  3  4  5  6  7  8  9 10 11 12 |
---------------+-------------------------------------+-----
Ranged Weapons | 6 7 8 9 10 11 13 14 16 | 16.1
Armour         | 1 2 3 4 |  4.4
Fighting       | 2 3 4 7 |  7.6
Invocations    | 3 4 8 10 | 10.0
Dodging        | 3 4 5 7 10 11 | 11.0
Stealth        | |  1.2

Action                     |  1- 3 |  4- 6 |  7- 9 | 10-12 || total
---------------------------+-------+-------+-------+-------++-------
   Fire: Shortbow          |    75 |    95 |    36 |       ||   206
         Orcbow            |       |       |   255 |   601 ||   856
 Invoke: Heroism           |       |       |     2 |     1 ||     3
         Finesse           |       |       |     1 |    11 ||    12
    Use: Scroll            |     3 |     8 |     8 |     7 ||    26
         Potion            |       |       |     1 |     1 ||     2
 Armour: Leather armour    |     6 |     2 |       |       ||     8
         Scale mail        |       |    17 |       |       ||    17
         Swamp dragon scal |       |       |   115 |   138 ||   253
         Ring mail         |       |       |       |    92 ||    92
  Dodge: Dodged            |     8 |    11 |   102 |   221 ||   342

Table legend:
 A = Non-vault XP
 B = Vault XP
 C = Vault XP percentage of total XP
 D = Non-vault monster count
 E = Vault monster count
 F = Vault count percentage of total count
                 A         B        C        D         E       F
            +---------+---------+-------+---------+---------+-------
      Total |   19584 |    6229 |  24.1 |     214 |      73 |  25.4
            +---------+---------+-------+---------+---------+-------
        D:1 |      39 |       0 |   0.0 |      23 |       0 |   0.0
        D:2 |      37 |      45 |  54.9 |      16 |       4 |  20.0
        D:3 |      70 |       0 |   0.0 |      11 |       0 |   0.0
        D:4 |      98 |       0 |   0.0 |      13 |       0 |   0.0
        D:5 |     634 |       0 |   0.0 |      19 |       0 |   0.0
        D:6 |    1442 |       0 |   0.0 |      20 |       0 |   0.0
        D:7 |     978 |       0 |   0.0 |      13 |       0 |   0.0
        D:8 |    1532 |    1431 |  48.3 |      30 |      15 |  33.3
        D:9 |     985 |    2023 |  67.3 |      15 |      38 |  71.7
     Lair:1 |    7006 |    1372 |  16.4 |      31 |       2 |   6.1
     Lair:2 |    4483 |     969 |  17.8 |      18 |      13 |  41.9
     Lair:3 |    2280 |     389 |  14.6 |       5 |       1 |  16.7
            +---------+---------+-------+---------+---------+-------
